 Dungeon Crawl Stone Soup version 0.24-a0-458-gfcb5e6da0e (webtiles) character file.

Game seed: 9998240511579744059

91 Krouwed the Grave Robber (level 4, 0/30 HPs)
             Began as a Human Necromancer on June 26, 2019.
             Slain by Grinder (2 damage)
             ... while paralysed by Grinder
             ... on level 3 of the Dungeon.
             The game lasted 00:07:04 (2026 turns).

Krouwed the Grave Robber (Human Necromancer)        Turns: 2026, Time: 00:07:04

Health: 0/30       AC:  5    Str:  9    XL:     4   Next: 87%
Magic:  9/9        EV:  2    Int: 16    God:
Gold:   130        SH:  0    Dex: 13    Spells: 0/9 levels left

rFire    . . .     SeeInvis .   i - +3 trident
rCold    . . .     Gourm    .   (no shield)
rNeg     . . .     Faith    .   n - +0 leather armour (curse)
rPois    +         Spirit   .   (no helmet)
rElec    .         Reflect  .   e - +0 cloak
rCorr    .         Harm     .   (no gloves)
MR       .....                  h - +0 pair of boots
Stlth    ++........             (no amulet)
HPRegen  0.10/turn              d - ring of poison resistance
MPRegen  0.11/turn              (no ring)

@: paralysed
A: no striking features
a: no special abilities


You were on level 3 of the Dungeon.
You were not hungry.

You visited 1 branch of the dungeon, and saw 3 of its levels.

You collected 130 gold pieces.

Inventory:

Hand Weapons
 f - a +0 dagger
 i - a +3 trident (weapon)
 l - a +1 dagger of holy wrath
Missiles
 g - 17 sling bullets
Armour
 e - a +0 cloak (worn)
 h - a +0 pair of boots (worn)
 n - a cursed +0 leather armour (worn)
Jewellery
 d - a ring of poison resistance (left hand)
Scrolls
 b - 2 scrolls of identify
 k - a scroll of fog
 o - a scroll of remove curse {unknown}
 p - a scroll of noise {unknown}
Potions
 a - 2 potions of mutation {unknown}
 m - 2 potions of curing {unknown}
 r - a potion of flight {unknown}
Comestibles
 c - 5 rations
 j - 4 chunks of flesh


   Skills:
 - Level 2.0 Dodging
 - Level 2.0 Stealth
 + Level 3.3 Spellcasting
 + Level 5.0 Necromancy


You couldn't memorise any spells.
You knew the following spells:

 Your Spells              Type           Power        Failure   Level  Hunger
a - Pain                  Necr           ###.         3%          1    None
b - Animate Skeleton      Necr           N/A          3%          1    None
c - Vampiric Draining     Necr           ###.......   10%         3    ###....
d - Animate Dead          Necr           N/A          32%         4    ####...

Your spell library contained the following spells:

 Spells                   Type           Power        Failure   Level  Hunger
 Regeneration             Chrm/Necr      ##........   26%         3    ###....


Dungeon Overview and Level Annotations

Branches:
Dungeon (3/15)

Altars:

Annotations:
D:3 Grinder


Message History

Throwing (i - inventory)
q - a curare-tipped dart (quivered)
Press: ? - help, Shift-Dir - straight line, f/p - Grinder
Aim: Grinder You throw a curare-tipped dart.
The curare-tipped dart closely misses Grinder.
Grinder hits you but does no damage.
You puncture Grinder!
Grinder is lightly wounded.
Grinder gestures at you.
You suddenly lose the ability to move!
Grinder gestures at you.
You barely resist. Grinder hits you.
You writhe in agony.
* * * LOW HITPOINT WARNING * * *
Grinder hits you.
* * * LOW HITPOINT WARNING * * *
You writhe in agony.
* * * LOW HITPOINT WARNING * * *
Grinder hits you.
You die...

#..# #.......###### #
###.### #####...#
......# #...# ###.#.#
######>..# #รท#.# #...
....# ##.#.######.#
##...# #.......((..#
#..[##
##.#.#####..####....###
###.# #(.!.5@.......
#.# ##.#######.### #.#
#.# #.# #.# ..# #.# ..
#.# #.# #.#


You could see Grinder.

Vanquished Creatures
  4 adders
  A leopard gecko (D:1)
  6 bats
  5 giant cockroaches
  3 hobgoblins
  7 jackals
  6 kobolds
  A quokka (D:3)
  A ball python (D:2)
  4 frilled lizards
  8 goblins
  5 rats
51 creatures vanquished.

Notes
Turn   | Place    | Note
-------+----------+-------------------------------------------
     0 | D:1      | Krouwed the Human Necromancer began the quest for the Orb.
     0 | D:1      | Reached XP level 1. HP: 13/13 MP: 3/3
    24 | D:1      | Learned a level 1 spell: Animate Skeleton
   204 | D:1      | Reached XP level 2. HP: 19/19 MP: 3/5
   780 | D:1      | Reached XP level 3. HP: 24/24 MP: 6/6
   869 | D:1      | Learned a level 3 spell: Vampiric Draining
  1273 | D:2      | Reached XP level 4. HP: 28/30 MP: 4/8
  1283 | D:2      | Learned a level 4 spell: Animate Dead
  1796 | D:3      | Reached skill level 5 in Necromancy
  2004 | D:3      | Noticed Grinder
  2022 | D:3      | Paralysed by Grinder for 5 turns
  2026 | D:3      | Slain by Grinder

Levels and vault maps discovered:
D:1:      minmay_arrival_four_loops, layout_basic,
          chequers_serial_rivers_micro_e
D:2:      layout_rooms, first_ration
D:3:      layout_loops_ring, uniq_grinder

Skill      XL: |  1  2  3  4 |
---------------+-------------+-----
Spellcasting   | 3 |  3.3
Necromancy     | 5 |  5.0
Dodging        | |  2.0
Stealth        | |  2.0

Action                   |  1- 3 |  4- 6 || total
-------------------------+-------+-------++-------
Melee: Dagger            |    50 |     7 ||    57
       Trident           |       |    28 ||    28
Throw: Dart              |       |     9 ||     9
 Cast: Pain              |    24 |    10 ||    34
       Vampiric Draining |     1 |     3 ||     4
  Use: Scroll            |     1 |     4 ||     5
 Stab: Sleeping          |     4 |     1 ||     5
  Eat: Chunk             |     1 |     3 ||     4
Armor: Robe              |    17 |     1 ||    18
       Leather armour    |       |     7 ||     7
Dodge: Dodged            |    48 |    26 ||    74

Table legend:
 A = Non-vault XP
 B = Vault XP
 C = Vault XP percentage of total XP
 D = Non-vault monster count
 E = Vault monster count
 F = Vault count percentage of total count
                 A         B        C        D         E       F
            +---------+---------+-------+---------+---------+-------
      Total |     130 |       0 |   0.0 |      51 |       0 |   0.0
            +---------+---------+-------+---------+---------+-------
        D:1 |      46 |       0 |   0.0 |      21 |       0 |   0.0
        D:2 |      72 |       0 |   0.0 |      24 |       0 |   0.0
        D:3 |      12 |       0 |   0.0 |       6 |       0 |   0.0
            +---------+---------+-------+---------+---------+-------
